 Dungeon Crawl Stone Soup version 0.27.1-3-gb3d3a73c9e (webtiles) character file.

Game seed: 3124296733594958719

270 cdecastro the Cleaver (level 6, -6/51 HPs)
             Began as a Hill Orc Fighter on Oct 9, 2021.
             Mangled by an orc (8 damage)
             ... on level 3 of the Dungeon.
             The game lasted 00:02:59 (2815 turns).

cdecastro the Cleaver (Hill Orc Fighter)            Turns: 2815, Time: 00:02:59

Health: -6/51      AC:  6    Str: 21    XL:     6   Next: 22%
Magic:  6/6        EV:  9    Int:  8    God:
Gold:   73         SH:  0    Dex: 10    Spells: 5/5 levels left

rFire    . . .     SeeInvis .   a - +0 war axe
rCold    . . .     Faith    .   (no shield)
rNeg     . . .     Spirit   .   b - +0 scale mail
rPois    .         Reflect  .   (no helmet)
rElec    .         Harm     .   (no cloak)
rCorr    .         Rampage  .   (no gloves)
Will     .....                  (no boots)
Stlth    ..........             (no amulet)
HPRegen  0.17/turn              (no ring)
MPRegen  0.10/turn              (no ring)

@: no status effects
A: no striking features
a: no special abilities


You were on level 3 of the Dungeon.
You visited 1 branch of the dungeon, and saw 3 of its levels.

You collected 73 gold pieces.

Inventory:

Hand Weapons
 a - a +0 war axe (weapon)
Missiles
 e - 13 arrows
 l - 90 stones (quivered)
 n - 7 bolts
Armour
 b - a +0 scale mail (worn)
 k - a scarf of invisibility
 m - a +0 pair of boots
Scrolls
 d - a scroll of holy word {unknown}
 f - a scroll of noise {unknown}
 h - a scroll of teleportation {unknown}
 i - 3 scrolls of identify {unknown}
 j - a scroll of amnesia {unknown}
Potions
 c - a potion of heal wounds {unknown}
 g - a potion of lignification {unknown}
 o - a potion of berserk rage {unknown}


   Skills:
 - Level 3.6 Fighting
 + Level 8.4 Axes
 - Level 3.2 Armour
 - Level 3.2 Shields


You had 5 spell levels left.
You didn't know any spells.
Your spell library contained the following spells:

 Spells                   Type           Power      Damage    Failure   Level
 Animate Skeleton         Necr           0%         N/A       75%         1
 Pain                     Necr           0%         1d4       75%         1
 Vampiric Draining        Necr           0%         2d6       98%         3


Dungeon Overview and Level Annotations

Branches:
Dungeon (3/15)

Altars:
Ashenzari

Shops:
D:1 !   D:2 *


Message History

You hit the orc but do no damage.
The orc is heavily wounded.
The orc barely misses you.
You completely miss the orc.
The orc is heavily wounded.
The orc barely misses you.
You hit the orc.
The orc is heavily wounded.
The orc hits you with a +0 flail of protection.
* * * LOW HITPOINT WARNING * * *
You hit the orc but do no damage.
The orc is heavily wounded.
The orc hits you with a +0 flail of protection.
* * * LOW HITPOINT WARNING * * *
You barely miss the orc.
The orc is heavily wounded.
The orc hits you but does no damage.
You closely miss the orc.
The orc is heavily wounded.
The orc hits you but does no damage.
The orc hits you with a +0 flail of protection.
* * * LOW HITPOINT WARNING * * *
You hit the orc.
The orc is almost dead.
The orc hits you with a +0 flail of protection.
* * * LOW HITPOINT WARNING * * *
You hit the orc.
You kill the orc!
You hear some strange, mumbled words.
Something tries to affect you, but you resist.
You hit something.
The orc hits you from afar with a +0 trident.
* * * LOW HITPOINT WARNING * * *
Something hits you.
* * * LOW HITPOINT WARNING * * *
Okay, then.
Unknown command.
You closely miss something.
The orc hits you from afar with a +0 trident!
You die...

... ##...##.....# # ...
#.....#.....# #....
#.....#.....#
.#.#####.#######.# ...#
#.# ####..#### #..#
#.###........# #####..#
#.....######.#
#......#####)..######..#
#......o{@)..#....##..##
#....รท.##########..#.##
#....#).# ##...#
#....#o.# ##..##
.....##..# #...## .....#
#..# #.#..### ...#. #..#
#.##.... ####. ...#
#.###... ...# ##.###...


You could see an orc.

Vanquished Creatures
  Sigmund (D:2)
  2 orc wizards (D:3)
  An adder (D:2)
  2 worms (D:2)
  4 orcs (D:3)
  3 endoplasms
  5 goblins
  4 hobgoblins
  3 jackals (D:2)
  A kobold (D:2)
  A quokka (D:2)
  6 ball pythons
  3 bats (D:2)
  2 frilled lizards
  4 rats
  A spectral goblin (D:2)
43 creatures vanquished.

Notes
Turn   | Place    | Note
-------+----------+-------------------------------------------
     0 | D:1      | cdecastro the Hill Orc Fighter began the quest for the Orb.
     0 | D:1      | Reached XP level 1. HP: 19/19 MP: 1/1
   225 | D:1      | Reached skill level 3 in Axes
   413 | D:1      | Found Socaph's Distillery.
   571 | D:1      | Reached XP level 2. HP: 23/26 MP: 2/2
  1048 | D:2      | Reached skill level 4 in Axes
  1190 | D:2      | Found Alocer Jyeth's General Store.
  1208 | D:2      | Reached XP level 3. HP: 31/31 MP: 3/3
  1278 | D:2      | Reached skill level 5 in Axes
  1546 | D:2      | Noticed Sigmund
  1564 | D:2      | Killed Sigmund
  1565 | D:2      | Reached skill level 7 in Axes
  1565 | D:2      | Reached XP level 4. HP: 20/39 MP: 4/4
  1565 | D:2      | Reached XP level 5. HP: 23/45 MP: 5/5
  1751 | D:2      | Found a faded altar of an unknown god.
  2409 | D:3      | Found a broken altar of Ashenzari.
  2496 | D:3      | Reached skill level 8 in Axes
  2496 | D:3      | Reached XP level 6. HP: 30/51 MP: 6/6
  2814 | D:3      | HP: 2/51 [something (1)]
  2815 | D:3      | Mangled by an orc

Illustrated notes

Levels and vault maps discovered:
D:1:      minmay_arrival_three_doors, layout_basic, serial_shops,
          nicolae_shop_statue_plus
D:2:      layout_basic, serial_shops, nicolae_shop_stone,
          dreamdust_ecumenical_altar_drowned_temple, uniq_sigmund
D:3:      kennysheep_the_goblin_king, layout_rooms, nicolae_ashenzari_panopticon

Skill      XL: |  1  2  3  4  5 |
---------------+----------------+-----
Axes           | 3 4 7 8 |  8.4
Fighting       | |  3.6
Armour         | |  3.2
Shields        | |  3.2

Action                   |  1- 3 |  4- 6 || total
-------------------------+-------+-------++-------
Melee: War axe           |    84 |    77 ||   161
  Use: Potion            |     1 |       ||     1
Armor: Scale mail        |    47 |    36 ||    83
Dodge: Dodged            |    44 |    27 ||    71
Block: Kite shield       |     1 |       ||     1
